 Dungeon Crawl Stone Soup version 0.31-a0-848-gaac375c287 (webtiles) character file.

Game seed: 15120784667567474765

389 Kurtz the Trooper (level 6, -12/48 HPs)
             Began as a Mummy Delver on Oct 4, 2023.
             Was a Follower of Okawaru.
             Mangled by a mummy (18 damage)
             ... in an ossuary.
             The game lasted 00:02:41 (1247 turns).

Kurtz the Trooper (Mummy Delver)                    Turns: 1247, Time: 00:02:42

Health: -12/48     AC:  3    Str: 17    XL:     6   Next: 49%
Magic:  5/7        EV: 14    Int: 10    God:    Okawaru [*.....]
Gold:   27         SH:  0    Dex: 13    Spells: 5/5 levels left

rFire   x . .        a - +0 hand axe
rCold   + . .        (no shield)
rNeg    + + +        b - +0 leather armour
rPois   ∞            (no helmet)
rElec   .            (no cloak)
rCorr   .            (no gloves)
SInv    .            (no boots)
Will    .....        (no amulet)
Stlth   ++++         (no ring)
HPRegen 0.28/turn    (no ring)
MPRegen 0.10/turn

%: faith
@: heroic
A: cold resistance 1, negative energy resistance 3, torment resistance 2, heat
vulnerability 1, in touch with death 1, no potions, faith
a: Renounce Religion, Heroism


You were in an ossuary.
You worshipped Okawaru.
Okawaru was aware of your devotion.
You visited 1 branch of the dungeon, and saw 2 of its levels.
You also visited: Ossuary.

You collected 27 gold pieces.

Inventory:

Hand Weapons
 a - a +0 hand axe (weapon)
Armour
 b - a +0 leather armour (worn)
Wands
 f - a wand of digging (3)
Scrolls
 c - a scroll of fog


   Skills:
 * Level 4.2(9.2) Fighting
 * Level 4.2(9.2) Axes
 - Level 1.4(6.4) Armour
 * Level 2.0(7.0) Dodging
 - Level 4.1(9.1) Stealth
 * Level 1.9 Invocations


You had 5 spell levels left.
You didn't know any spells.
Your spell library was empty.

Dungeon Overview and Level Annotations

Branches:
Dungeon (5/15)             Temple (0/1) D:4         Ossuary (1/1)

Altars:
Nemelex Xobeh
Okawaru

Annotations:
D:4 Grinder
D:5 exclusion: jelly, Edmund


Innate Abilities, Weirdness & Mutations

You are immune to poison.
Your flesh is cold resistant. (rC+)
You are immune to negative energy. (rN+++)
You are immune to unholy pain and torment.
You are vulnerable to heat. (rF-)
You are in touch with the powers of death.
You do not drink.
You have a special connection with the divine. (Faith)


Message History

The mummy hits you but does no damage.
You hit the mummy but do no damage.
The mummy is moderately damaged.
You hit the mummy but do no damage.
The mummy is moderately damaged.
The mummy barely misses you.
You hit the mummy.
The mummy is severely damaged.
The mummy hits you!
You hit the mummy but do no damage.
The mummy is severely damaged.
You fail to use your ability.
The mummy hits you!
* * * LOW HITPOINT WARNING * * *
You hit the mummy but do no damage.
The mummy is severely damaged.
The mummy hits you.
* * * LOW HITPOINT WARNING * * *
You hit the mummy but do no damage.
The mummy is severely damaged.
You gain the combat prowess of a mighty hero.
The mummy closely misses you.
You barely miss the mummy.
The mummy is severely damaged.
You barely miss the mummy.
The mummy is severely damaged.
The mummy hits you!
* * * LOW HITPOINT WARNING * * *
You hit the mummy.
The mummy is almost destroyed.
You hit the mummy but do no damage.
The mummy is almost destroyed.
You slash the mummy!
You destroy the mummy!
Okawaru accepts your kill.
You slash the mummy!
The mummy is severely damaged.
You completely miss the mummy.
The mummy is severely damaged.
The mummy hits you!!
You die...

'## ###'# ..# #...#
..# #...# ..# #...#
..# #...# ### ###'#
..# #...# ..#####
### #...#
..#...#!??!# #@..#
..'.∩.#!=[?+.∩.M...#
..#...#?!??#...#...#
####### ###########


You could see a mummy.

Vanquished Creatures
  5 water moccasin zombies (Ossuary)
  An orc priest (D:5)
  A mummy (Ossuary)
  An adder (D:5)
  An ufetubus (D:5)
  8 adder zombies (Ossuary)
  4 orcs (D:5)
  2 gnoll zombies (Ossuary)
  5 hobgoblin zombies (Ossuary)
  4 kobold zombies (Ossuary)
  8 orc zombies (Ossuary)
40 creatures vanquished.

Notes
Turn   | Place    | Note
-------+----------+-------------------------------------------
     0 | D:5      | Kurtz the Mummy Delver began the quest for the Orb.
     0 | D:5      | Reached XP level 1. HP: 18/18 MP: 1/1
     1 | D:5      | Found a sparkling altar of Nemelex Xobeh.
     5 | D:5      | Noticed a hound
    26 | D:5      | Found an iron altar of Okawaru.
    57 | D:5      | Became a worshipper of Warmaster Okawaru
   123 | D:5      | Noticed Edmund
   123 | D:5      | Noticed a jelly
   158 | D:5      | Reached XP level 2. HP: 21/24 MP: 2/2
   227 | D:5      | Reached XP level 3. HP: 10/29 MP: 3/3
   317 | D:5      | Reached skill level 1 in Invocations
   387 | D:4      | Noticed Grinder
   443 | D:4      | Found a sand-covered staircase.
   448 | Ossuary  | Entered an ossuary
   504 | Ossuary  | Reached * piety under Okawaru
   505 | Ossuary  | Reached skill level 1 in Armour
   505 | Ossuary  | Reached XP level 4. HP: 24/35 MP: 4/4
   655 | Ossuary  | Reached XP level 5. HP: 23/41 MP: 6/6
   666 | Ossuary  | HP: 1/41 [water moccasin zombie (3)]
  1095 | Ossuary  | Reached XP level 6. HP: 35/48 MP: 4/7
  1247 | Ossuary  | Mangled by a mummy

Illustrated notes

Levels and vault maps discovered:
D:4:      layout_basic, minmay_temple_entry_steel_oval, enter_ossuary_2,
          uniq_grinder
D:5:      layout_basic, mainiacjoe_overflow_alcove_1, okawaru_ov_weapons_minmay,
          biasface_ghost_orc_armoury, minmay_misc_feat_ornament, uniq_pikel,
          uniq_edmund
Ossuary:  ossuary_tomb_2

Skill      XL: |  1  2  3  4  5  6 |
---------------+-------------------+-----
Axes           | 2 3 4 |  4.2
Invocations    | 1 |  1.9
Armour         | 1 |  1.4
Fighting       | 4 |  4.2
Dodging        | 2 |  2.0
Stealth        | |  4.1

Action                     |  1- 3 |  4- 6 || total
---------------------------+-------+-------++-------
  Melee: Hand axe          |    65 |   176 ||   241
 Invoke: Heroism           |       |     6 ||     6
    Use: Scroll            |     1 |     1 ||     2
 Armour: Leather armour    |    38 |    96 ||   134
  Dodge: Dodged            |    46 |    87 ||   133

Table legend: (Time is in decaauts)
 A = Elapsed time spent in this place.
 B = Non-inter-level travel time spent in this place.
 C = Inter-level travel time spent in this place.
 D = Time resting spent in this place.
 E = Time spent auto-exploring this place.
 F = Levels seen in this place.
 G = Mean time per level.
                   A        B        C        D        E       F      G
               +--------+--------+--------+--------+--------+-----+--------+
         Total |   1258 |   1254 |      4 |    582 |    120 |   3 |  419.3 |
       Dungeon |    454 |    450 |      4 |     86 |     86 |   2 |  227.0 |
       Ossuary |    804 |    804 |      0 |    496 |     34 |   1 |  804.0 |
               +--------+--------+--------+--------+--------+-----+--------+

Top non-repeatable levels by time:
 Ossuary: 804 daAuts
     D:5: 381 daAuts
     D:4: 72 daAuts
